 Dungeon Crawl Stone Soup version 0.20-a0-40-gb6e7b4f (webtiles) character file.

126 Duffy the Chopper (level 5, 35/38 HPs)
             Began as a Formicid Gladiator on Oct 30, 2016.
             Was a Follower of Dithmenos.
             Quit the game on level 3 of the Dungeon on Nov 11, 2016.
             The game lasted 00:02:48 (2571 turns).

Duffy the Chopper (Formicid Gladiator)              Turns: 2571, Time: 00:02:49

Health: 35/38      AC:  7    Str: 19    XL:     5   Next: 32%
Magic:  5/5        EV: 10    Int:  8    God:    Dithmenos [*.....]
Gold:   124        SH:  0    Dex: 12    Spells: 0 memorised, 4 levels left

rFire  + . .     SeeInvis +     a - +0 war axe
rCold  . . .     Gourm    .     e - +0 scale mail
rNeg   . . .     Faith    .     (no shield)
rPois  .         Spirit   .     (helmet unavailable)
rElec  .         Reflect  .     p - +0 cloak
rCorr  .         Harm     .     (no gloves)
MR     +....                    (no boots)
Stlth  ..........               (no amulet)
                                j - ring of protection from magic
                                k - ring of protection from fire

@: wreathed by umbra
A: permanent stasis, dig shafts and tunnels, four strong arms, antennae 3
a: Dig, Shaft Self, Renounce Religion


You were on level 3 of the Dungeon.
You worshipped Dithmenos.
Dithmenos was aware of your devotion.
You were not hungry.

You visited 1 branch of the dungeon, and saw 3 of its levels.

You collected 124 gold pieces.

Inventory:

Hand Weapons
 a - a +0 war axe (weapon)
Missiles
 c - 3 throwing nets (quivered) {!f}
Armour
 b - a +0 leather armour
 e - a +0 scale mail (worn)
 p - a +0 cloak (worn)
Jewellery
 j - a ring of protection from magic (right hand)
 k - a ring of protection from fire (left hand)
Scrolls
 f - 8 scrolls of identify {unknown}
 h - a scroll of recharging {unknown}
 m - a scroll of fear {unknown}
 r - a scroll of fog {unknown}
 s - 2 scrolls of magic mapping {unknown}
Potions
 g - a potion of degeneration {unknown}
 i - a potion of ambrosia {unknown}
 l - 5 potions of curing {unknown}
 o - a potion of lignification {unknown}
 q - a potion of resistance {unknown}
Comestibles
 d - a bread ration


   Skills:
 - Level 2.1 Fighting
 + Level 5.6 Axes
 - Level 2.0 Throwing
 - Level 2.6 Dodging


You had 4 spell levels left.
You didn't know any spells.

Dungeon Overview and Level Annotations

Branches:
Dungeon (3/15)

Altars:
Dithmenos


Innate Abilities, Weirdness & Mutations

You are under a permanent stasis effect.
You can dig through walls and to a lower floor.
Your four strong arms can wield two-handed weapons with a shield.
You have a pair of large antennae on your head. (SInv)


Message History

You slash the quokka!
You kill the quokka!
Dithmenos accepts your kill.
No target in view!
No target in view!
No target in view!
No target in view!
No target in view!
No target in view!
No target in view!
No target in view!
No target in view!
Found an amethyst potion.
Found a stone staircase leading up.
Unknown command.
Okay, then.
Unknown command.
Unknown command.
Unknown command.
Are you sure you want to abandon this character and quit the game? (Confirm with "yes".)

#....#.# #.#
#....#.#####.#.#
#....#).........
#....#>...).....
##......#.##.....
#.......#.# ....
#....####.# ..
#.......#.#
#.@..#.##.#
#!#..#.##.#
#.##.# ##.# #.
..# .. #.# #. #<#
.. .. #.


There were no monsters in sight!

Vanquished Creatures
  A worker ant (D:1)
  4 adders
  2 oozes (D:1)
  2 worms (D:2)
  2 dart slugs
  2 giant cockroaches
  2 goblins
  5 hobgoblins
  7 jackals (D:2)
  5 kobolds
  3 quokkas
  2 ball pythons
  7 bats
  3 frilled lizards
  3 rats
50 creatures vanquished.

Notes
Turn   | Place    | Note
-------+----------+-------------------------------------------
     0 | D:1      | Duffy the Formicid Gladiator began the quest for the Orb.
     0 | D:1      | Reached XP level 1. HP: 16/16 MP: 1/1
   483 | D:1      | Reached XP level 2. HP: 14/22 MP: 2/2
   700 | D:1      | Reached skill level 4 in Axes
   700 | D:1      | Reached XP level 3. HP: 20/27 MP: 3/3
  1188 | D:1      | Reached XP level 4. HP: 12/33 MP: 4/4
  1655 | D:2      | Reached skill level 5 in Axes
  2052 | D:2      | Upgraded the game from 0.20-a0-3-g334f831 to 0.20-a0-40-gb6e7b4f
  2084 | D:2      | Reached XP level 5. HP: 33/38 MP: 5/5
  2486 | D:3      | Found a faded altar of an unknown god.
  2495 | D:3      | Became a worshipper of Dithmenos the Shadowed
  2495 | D:3      | Reached * piety under Dithmenos
  2571 | D:3      | Quit the game

Vault maps used:
D:1:      dpeg_arrival_prison, minmay_misc_feat_ornament
D:2:      minmay_tromino_v4_a
D:3:      old_standard_altar, ecumenical_altar_1

Skill      XL: |  1  2  3  4 |
---------------+-------------+-----
Axes           | 4 5 |  5.6
Fighting       | |  2.1
Throwing       | |  2.0
Dodging        | |  2.6

Action                   |  1- 3 |  4- 6 || total
-------------------------+-------+-------++-------
Melee: War axe           |    78 |   110 ||   188
 Abil: Dig               |       |     2 ||     2
  Eat: Chunk             |       |     6 ||     6
Armor: Scale mail        |    51 |    55 ||   106
       Leather armour    |    10 |       ||    10
Dodge: Dodged            |    40 |    66 ||   106
